Map: Orbital Shipyard

Players

iQuitBYE

  • Race: Protoss Protoss
  • League: Grandmaster

MoonLjth

  • Race: Protoss Protoss
  • League: Platinum

Retosi - Winner!

  • Race: Zerg Zerg
  • League: Gold

Conqueror - Winner!

  • Race: Zerg Zerg
  • League: Platinum

VOD

Have the link to the VOD?

Description

Time

  • Played on: Oct. 2, 2015, 12:41 p.m.
  • Length: 20:15
Show
View Real Time Build Order
Export as new Build Order

iQuitBYE Protoss 

Build Orders:  

Get SALT Encoding   

  12  0:00  Probe (Chrono Boost)  
  13  0:16  Pylon  
  13  0:17  Probe (Chrono Boost)  
  14  0:31  Probe (Chrono Boost)  
  14  0:35  Gateway  
  15  0:41  Probe (Chrono Boost)  
  16  0:46  Assimilator  
  16  0:50  Probe (Chrono Boost)  
  16  0:55  Assimilator  
  17  1:00  Probe (Chrono Boost)  
  18  1:07  Pylon  
  18  1:10  Probe (Chrono Boost)  
  19  1:20  Probe (Chrono Boost)  
  20  1:27  Cybernetics Core  
  20  1:31  Probe (Chrono Boost)  
  21  1:41  Probe (Chrono Boost)  
  22  2:02  Nexus  
  22  2:06  Probe (Chrono Boost)  
  22  2:07  Adept  
  25  2:15  Warp Gate  
  25  2:18  Probe (Chrono Boost)  
  26  2:26  Pylon  
  26  2:34  Probe (Chrono Boost)  
  27  2:43  Probe (Chrono Boost)  
  28  2:48  Robotics Facility  
  28  2:54  Mothership Core (Chrono Boost)  
  30  3:06  Gateway  
  31  3:13  Probe (Chrono Boost)  
  31  3:19  Pylon  
  31  3:23  Probe (Chrono Boost)  
  32  3:29  Probe (Chrono Boost)  
  32  3:31  Immortal  
  34  3:35  Probe (Chrono Boost)  
  34  3:39  Probe (Chrono Boost)  
  40  3:48  Probe (Chrono Boost)  
  40  3:50  Probe (Chrono Boost)  
  41  4:00  Probe x2 (Chrono Boost)  
  43  4:08  Nexus  
  43  4:13  Immortal  
  43  4:15  Pylon  
  43  4:24  Sentry  
  49  4:25  Sentry  
  51  4:31  Probe (Chrono Boost)  
  51  4:33  Probe (Chrono Boost), Pylon  
  53  4:40  Assimilator  
  53  4:41  Probe (Chrono Boost)  
  53  4:45  Probe (Chrono Boost), Warp Prism  
  55  4:51  Probe (Chrono Boost)  
  55  4:52  Sentry  
  60  4:58  Pylon  
  60  4:59  Probe (Chrono Boost)  
  61  5:01  Probe (Chrono Boost)  
  61  5:11  Probe x2 (Chrono Boost)  
  61  5:12  Twilight Council  
  61  5:14  Assimilator  
  63  5:16  Pylon  
  63  5:18  Observer  
  63  5:21  Probe (Chrono Boost), Adept  
  63  5:22  Probe (Chrono Boost)  
  63  5:23  Probe (Chrono Boost)  
  63  5:25  Adept  
  71  5:31  Probe (Chrono Boost)  
  71  5:35  Probe (Chrono Boost)  
  74  5:36  Probe (Chrono Boost)  
  74  5:39  Gateway  
  74  5:41  Probe (Chrono Boost), Forge  
  75  5:45  Probe (Chrono Boost)  
  75  5:46  Probe (Chrono Boost)  
  77  5:50  Probe (Chrono Boost)  
  77  5:54  Gateway  
  77  5:55  Probe (Chrono Boost)  
  77  5:56  Probe (Chrono Boost)  
  80  6:00  Probe (Chrono Boost)  
  81  6:04  Protoss Ground Weapons Level 1  
  81  6:05  Probe (Chrono Boost)  
  81  6:06  Probe (Chrono Boost)  
  81  6:10  Probe (Chrono Boost), Assimilator  
  84  6:14  Probe (Chrono Boost)  
  84  6:16  Probe (Chrono Boost)  
  86  6:20  Probe (Chrono Boost)  
  86  6:22  Adept x2  
  92  6:26  Probe (Chrono Boost)  
  92  6:28  Robotics Bay  
  92  6:30  Probe (Chrono Boost)  
  92  6:31  Robotics Facility  
  92  6:32  Probe (Chrono Boost)  
  91  6:41  Assimilator  
  91  6:44  Adept, Photon Cannon  
  91  6:45  Adept  
  95  6:48  Shield Upgrade  
  95  6:50  Probe (Chrono Boost)  
  95  6:51  Probe (Chrono Boost), Pylon  
  98  6:54  Observer  
  98  6:55  Gateway  
  98  6:57  Probe (Chrono Boost)  
  98  7:00  Probe (Chrono Boost)  
  98  7:03  Probe (Chrono Boost)  
  98  7:05  Adept x4  
  108  7:09  Probe (Chrono Boost)  
  108  7:10  Probe (Chrono Boost)  
  108  7:14  Pylon  
  108  7:15  Probe (Chrono Boost)  
  110  7:17  Disruptor  
  110  7:21  Probe (Chrono Boost)  
  114  7:25  Stalker  
  116  7:33  Probe (Chrono Boost)  
  116  7:34  Stalker  
  116  7:35  Stalker x2  
  116  7:36  Probe (Chrono Boost)  
  124  7:41  Probe (Chrono Boost)  
  123  7:45  Pylon  
  123  7:50  Pylon  
  123  7:53  Stalker  
  123  7:54  Photon Cannon  
  124  8:00  Disruptor  
  124  8:02  Disruptor  
  124  8:03  Adept x3  
  132  8:09  Pylon  
  132  8:10  Stalker  
  132  8:11  Pylon  
  132  8:13  Pylon  
  132  8:15  Probe (Chrono Boost)  
  131  8:24  Adept x4  
  133  8:29  Probe (Chrono Boost)  
  133  8:31  Probe (Chrono Boost)  
  129  8:35  Gateway  
  129  8:36  Disruptor  
  129  8:37  Nexus, Protoss Ground Weapons Level 2  
  129  8:38  Disruptor  
  129  8:39  Pylon  
  135  8:43  Blink  
  135  8:45  Adept x2  
  139  8:50  Templar Archives  
  139  8:52  Probe (Chrono Boost)  
  139  8:54  Adept x2  
  144  8:55  Probe (Chrono Boost)  
  144  8:58  Probe (Chrono Boost)  
  144  9:00  Pylon  
  147  9:04  Probe (Chrono Boost)  
  147  9:12  Disruptor  
  147  9:14  Warp Prism  
  152  9:23  Adept x5  
  162  9:24  Psionic Storm  
  157  9:42  Probe (Chrono Boost), Assimilator  
  157  9:43  Stargate  
  157  9:45  Stargate  
  154  9:49  Observer  
  154  9:50  Observer  
  156  9:56  Stargate  
  156  9:57  Probe (Chrono Boost)  
  157  10:19  Probe (Chrono Boost), Assimilator  
  158  10:21  Stalker x4  
  158  10:22  Stalker  
  163  10:46  Void Ray x2  
  163  10:48  Observer  
  163  10:49  Observer  
  159  10:50  Stalker x3  
  159  10:51  Void Ray  
  159  10:54  Pylon  
  159  10:56  Photon Cannon  
  172  10:57  Probe (Chrono Boost)  
  172  10:58  Zealot  
  172  11:01  Gateway  
  172  11:03  Gateway  
  174  11:10  Observer  
  174  11:11  Gateway, Warp Prism  
  175  11:12  Gateway, Protoss Ground Weapons Level 3  
  175  11:13  Pylon  
  175  11:14  Pylon  
  175  11:15  Gateway  
  177  11:19  Pylon  
  177  11:21  Void Ray  
  177  11:28  Adept x2  
  177  11:29  Adept x4  
  193  11:34  Void Ray  
  197  11:42  Pylon  
  197  11:45  Pylon  
  195  11:57  Adept x2  
  199  12:08  Observer  
  200  12:11  Adept x2  
  200  12:12  Adept x2  
  186  12:17  Probe x2 (Chrono Boost)  
  186  12:20  Void Ray x2  
  186  12:22  Immortal  
  169  12:25  Probe (Chrono Boost)  
  169  12:26  Pylon  
  169  12:27  Void Ray  
  169  12:28  Pylon  
  169  12:29  Immortal  
  178  12:30  Pylon  
  178  12:32  Adept x4  
  178  12:33  Adept x3  
  192  12:46  High Templar  
  192  12:56  Adept x2  
  192  12:57  Adept x2, High Templar x3  
  192  12:58  Adept  
  196  13:01  Observer  
  195  13:10  Void Ray  
  183  13:15  Void Ray x2  
  159  13:28  Nexus  
  159  13:32  Assimilator  
  159  13:33  Adept  
  158  13:35  Disruptor  
  157  13:47  Photon Cannon  
  153  13:49  Photon Cannon  
  153  13:53  Void Ray  
  156  13:56  Disruptor  
  159  14:05  Fleet Beacon  
  159  14:09  High Templar x2  
  163  14:11  Disruptor  
  166  14:20  Carrier  
  166  14:30  Carrier  
  165  14:32  Adept  
  165  14:43  Adept x3  
  165  14:44  Adept x3  
  177  14:48  Carrier  
  177  14:50  Photon Cannon  
  189  15:05  Graviton Catapult  
  195  15:20  Nexus  
  195  15:23  Assimilator  
  195  15:24  Pylon  
  195  15:26  Adept x2  
  199  15:29  Observer  
  200  15:42  Assimilator  
  200  15:45  Photon Cannon  
  200  15:47  Carrier  
  200  15:52  Carrier  
  197  16:04  Protoss Air Weapons Level 1  
  183  16:06  Protoss Ground Armor Level 1  
  170  16:16  Adept x4  
  170  16:17  Adept  
  182  16:19  Observer, Disruptor  
  186  16:41  Photon Cannon  
  186  16:43  Photon Cannon  
  186  16:46  Pylon  
  186  16:49  Adept x2  
  186  16:50  High Templar x3  
  196  17:04  Assimilator  
  196  17:10  Void Ray  
  196  17:22  High Templar x2  
  200  17:31  Carrier x3  
  190  17:48  Archon x2  
  143  17:54  Sentry, Adept  
  143  17:55  Adept x2  
  140  18:01  Stalker x2  
  136  18:09  Observer  
  137  18:13  Warp Prism  
  129  18:23  Carrier  
  129  18:25  Adept x5  
  119  18:35  Adept x3  
  111  18:45  High Templar x2  
  111  18:46  High Templar  
  108  18:49  Disruptor  
  111  19:04  Adept  
  103  19:18  Adept x3  
  103  19:37  Adept x2  
  103  19:38  Adept x2  
  88  19:53  Archon  
  88  19:56  Adept x2  
  88  19:57  Adept  
Show
View Real Time Build Order
Export as new Build Order

MoonLjth Protoss 

Build Orders:  

Get SALT Encoding   

  12  0:01  Drone  
  13  0:13  Overlord  
  13  0:17  Drone  
  14  0:31  Drone x2  
  16  0:36  Drone  
  17  0:46  Drone  
  18  0:59  Hatchery  
  18  1:01  Drone  
  18  1:13  Spawning Pool  
  18  1:16  Drone  
  18  1:21  Drone  
  19  1:43  Drone, Overlord  
  20  1:51  Drone, Extractor  
  20  2:00  Roach Warren, Queen  
  21  2:02  Drone  
  22  2:11  Queen  
  22  2:13  Drone x2  
  26  2:23  Drone  
  26  2:24  Drone  
  28  2:42  Roach x2  
  31  2:46  Hatchery  
  31  2:51  Drone  
  31  2:52  Roach  
  31  2:57  Overlord  
  33  3:00  Drone  
  34  3:12  Drone x2  
  36  3:16  Roach x2  
  36  3:17  Roach  
  42  3:23  Drone  
  42  3:24  Drone  
  42  3:26  Overlord  
  44  3:44  Drone x5  
  49  3:56  Drone x2  
  49  3:58  Queen  
  49  3:59  Overlord  
  49  4:00  Zergling x2  
  54  4:04  Lair  
  54  4:07  Extractor  
  53  4:12  Overlord x2  
  53  4:13  Overlord  
  53  4:22  Drone  
  53  4:23  Drone x2  
  56  4:40  Ravager  
  56  4:41  Extractor  
  56  4:42  Extractor  
  56  4:45  Drone x6  
  60  4:46  Drone x3  
  60  4:47  Overlord x2  
  64  5:04  Hydralisk Den  
  62  5:15  Drone x2  
  62  5:16  Drone x9  
  73  5:25  Glial Reconstitution  
  73  5:31  Roach x6  
  73  5:32  Roach  
  73  5:33  Extractor  
  86  5:38  Hydralisk x2, Extractor  
  86  5:39  Lurker Den  
  89  5:49  Overlord  
  89  5:50  Overlord x2  
  89  5:52  Overseer  
  83  6:06  Drone  
  83  6:07  Drone x6, Hydralisk  
  83  6:08  Hydralisk  
  83  6:09  Hydralisk  
  94  6:19  Hydralisk x3  
  100  6:30  Drone x3  
  100  6:31  Drone  
  100  6:32  Overlord x2  
  104  6:33  Overlord  
  104  6:43  Evolution Chamber, Hydralisk x2  
  104  6:44  Evolution Chamber, Hydralisk  
  104  6:45  Ravager  
  109  6:48  Ravager x2  
  109  6:49  Ravager x2  
  109  6:54  Ravager  
  114  6:58  Drone x3  
  114  7:00  Overlord  
  117  7:05  Hydralisk x3  
  117  7:06  Hydralisk  
  125  7:10  Hydralisk  
  127  7:29  Zerg Missile Weapons Level 1, Zerg Ground Armor Level 1  
  127  7:42  Muscular Augments  
  127  7:56  Hatchery  
  124  8:01  Drone x3  
  119  8:15  Drone  
  119  8:16  Drone x7  
  119  8:17  Hatchery, Drone x2, Spine Crawler x3  
  119  8:18  Spine Crawler  
  119  8:19  Spine Crawler, Hydralisk x5  
  123  8:20  Spine Crawler, Hydralisk  
  123  8:21  Roach  
  123  8:22  Roach  
  123  8:24  Roach, Extractor x2  
  117  8:31  Roach  
  117  8:32  Roach x3  
  121  8:37  Lurker x3  
  121  8:38  Lurker  
  125  8:50  Unknown  
  125  8:51  Overseer  
  125  8:54  Overseer  
  125  9:05  Ravager x2  
  125  9:06  Pneumatized Carapace, Ravager  
  125  9:08  Drone x3  
  125  9:09  Drone, Ravager  
  134  9:10  Drone x2, Overlord x2  
  134  9:11  Overlord  
  135  9:26  Overlord x4  
  100  9:33  Hydralisk  
  100  9:34  Hydralisk x2, Roach  
  100  9:35  Roach x10  
  121  9:51  Overseer  
  121  9:55  Roach x13  
  145  10:10  Hydralisk x5  
  149  10:31  Hydralisk x2  
  149  10:32  Hydralisk x6  
  165  10:36  Queen, Extractor  
  165  10:37  Extractor  
  137  10:54  Hydralisk  
  137  10:55  Hydralisk x6  
  151  11:07  Lurker x2  
  153  11:12  Hatchery  
  152  11:34  Zerg Ground Armor Level 2, Zerg Missile Weapons Level 2  
  149  11:49  Hydralisk x3  
  149  11:50  Hydralisk x6  
  149  11:51  Hydralisk  
  149  11:52  Extractor  
  168  11:54  Extractor  
  162  12:11  Spine Crawler  
  162  12:12  Spine Crawler  
  162  12:13  Spine Crawler  
  162  12:14  Spore Crawler x2, Spine Crawler  
  132  12:16  Drone x2  
  106  12:30  Lurker x7  
  106  12:31  Lurker x2  
  106  12:34  Roach  
  106  12:35  Roach x4  
  125  12:55  Infestation Pit  
  125  12:58  Spine Crawler x2  
  123  12:59  Drone x7, Spine Crawler  
  123  13:00  Spine Crawler  
  123  13:01  Spine Crawler, Roach x13  
  149  13:05  Overseer x2  
  133  13:19  Hydralisk  
  127  13:20  Hydralisk x4  
  133  13:46  Hydralisk x6  
  145  13:49  Hive  
  145  13:54  Burrow  
  145  13:55  Tunneling Claws  
  145  14:01  Lurker x2  
  145  14:02  Lurker  
  148  14:12  Drone x2  
  148  14:13  Drone x5  
  148  14:14  Drone  
  156  14:24  Ravager  
  156  14:28  Hatchery  
  154  14:46  Hydralisk x6  
  154  14:47  Hydralisk x2  
  154  14:48  Hydralisk x4  
  179  14:52  Lurker  
  179  14:53  Lurker x4  
  174  15:03  Lurker x2  
  158  15:19  Overlord x2  
  158  15:20  Overlord x2  
  158  15:22  Zerg Missile Weapons Level 3  
  158  15:29  Zerg Ground Armor Level 3  
  158  15:30  Hatchery  
  158  15:34  Hatchery  
  156  15:45  Roach  
  156  15:46  Roach x7  
  156  15:47  Viper  
  175  15:50  Viper  
  151  16:06  Hydralisk x6  
  151  16:11  Viper  
  140  16:13  Viper  
  146  16:31  Viper x3  
  155  16:36  Hydralisk  
  155  16:37  Hydralisk x4  
  162  16:56  Ravager x2, Hydralisk  
  162  16:57  Ravager x2, Hydralisk x6  
  162  16:58  Ravager  
  162  16:59  Ravager  
  176  17:11  Hydralisk x5  
  186  17:32  Hydralisk x7  
  158  17:59  Hydralisk x13  
  158  18:00  Hydralisk  
  178  18:14  Hydralisk  
  178  18:15  Hydralisk x4  
  180  18:30  Hatchery, Hydralisk x5  
  179  19:05  Hydralisk x9  
  179  19:37  Evolution Chamber  
  170  19:39  Evolution Chamber x2  
  162  20:02  Drone  
Show
View Real Time Build Order
Export as new Build Order

Retosi Zerg - Winner!

Build Orders:  

Get SALT Encoding   

Show
View Real Time Build Order
Export as new Build Order

Conqueror Zerg - Winner!

Build Orders:  

Get SALT Encoding   

Tags
 
Add a new tag
Caveats
  • Supply blocks, unpowered buildings, or Contaminate may cause inaccurate times.
  • Supply counts are checked every 10 seconds.